 Dungeon Crawl Stone Soup version 0.30-a0-591-g3c58d2bc28 (webtiles) character file.

Game seed: 7025777685135811100

704 TrayleKats the Trooper (level 7, 0/64 (68) HPs)
             Began as a Naga Warper on Jan 2, 2023.
             Slain by a necrophage (6 damage)
             ... on level 6 of the Dungeon on Jan 4, 2023.
             The game lasted 00:09:15 (4132 turns).

TrayleKats the Trooper (Naga Warper)                Turns: 4132, Time: 00:09:15

HP:   0/64 (68)     AC:  3    Str: 15    XL:     7   Next: 67%
MP:   14/14         EV:  9    Int: 19    God:
Gold: 232           SH:  0    Dex: 11    Spells: 3/15 levels left

rFire   . . .      SeeInvis +    a - +1 hand axe (drain)
rCold   . . .      Faith    .    (no shield)
rNeg    . . .      Spirit   .    b - +0 leather armour
rPois   +          Reflect  .    (no helmet)
rElec   .          Harm     .    (no cloak)
rCorr   .          Rampage  .    (no gloves)
Will    .....                    (no barding)
Stlth   +                        (no amulet)
HPRegen 0.30/turn                s - +6 ring of intelligence
MPRegen 0.14/turn                (no ring)

@: drained, very slow
A: AC +2, large, see invisible, deformed body, poison resistance, slowness 2,
spit poison 1, naga tail 1
a: Spit Poison


You were on level 6 of the Dungeon.
You visited 1 branch of the dungeon, and saw 6 of its levels.

You collected 232 gold pieces.

Inventory:

Hand Weapons
 a - a +1 hand axe of draining (weapon)
Missiles
 d - 5 boomerangs of dispersal
 w - 3 boomerangs
 y - 2 throwing nets
Armour
 b - a +0 leather armour (worn)
Jewellery
 k - a ring of ice
 s - a +6 ring of intelligence (left hand)
Wands
 v - a wand of polymorph (11)
Scrolls
 c - a scroll of blinking
 h - 2 scrolls of amnesia
 l - 2 scrolls of enchant weapon
 n - 2 scrolls of teleportation
 q - a scroll of immolation
 u - a scroll of magic mapping
Potions
 e - a potion of ambrosia
 g - a potion of cancellation {unknown}
 i - a potion of haste
 m - a potion of invisibility
 o - a potion of berserk rage {unknown}
 p - 2 potions of lignification
 r - a potion of flight
 x - 2 potions of curing


   Skills:
 * Level 5.7 Fighting
 + Level 3.2 Axes
 - Level 0.8 Throwing
 - Level 0.7 Armour
 - Level 1.5 Dodging
 + Level 4.8 Spellcasting
 + Level 3.9 Translocations


You had 3 spell levels left.
You knew the following spells:

 Your Spells              Type           Power      Damage    Failure   Level
a - Blink                 Tloc           38%        N/A       4%          2
b - Teleport Other        Tloc           19%        N/A       10%         3
c - Lesser Beckoning      Tloc           38%        N/A       10%         3
d - Manifold Assault      Tloc           19%        N/A       30%         4

Your spell library contained the following spells:

 Spells                   Type           Power      Damage    Failure   Level
 Vhi's Electric Charge    Tloc/Air       22%        N/A       22%         3
 Dazzling Flash           Conj/Hex       8%         N/A       43%         3
 Iskenderun's Mystic Bla  Conj/Tloc      11%        2d4       56%         4
 Starburst                Conj/Fire      2%         6d3       100%        6


Dungeon Overview and Level Annotations

Branches:
Dungeon (6/15)
 Temple: D:4-7

Altars:
Okawaru
Ru

Shops:
D:1 !


Innate Abilities, Weirdness & Mutations

Your serpentine skin is tough. (AC +2)
You have supernaturally acute eyesight. (SInv)
Armour fits poorly on your strangely shaped body.
Your system is resistant to poisons. (rPois)
You cover ground very slowly.
You can spit poison.
You have a snake-like lower body.


Message History

You have got your breath back.
The iguana disappears!
Found a scroll of teleportation.
There is a stone staircase leading down here.
An iguana is nearby!
The iguana hisses menacingly.
You climb downwards.
There is a stone staircase leading up here.
A necrophage is nearby!
Aiming: Spit Poison (1% risk of failure)
Press: ? - help, Q - select action, (/) - cycle Shift-Dir - straight line, f - you That beam is likely to hit you.
Continue anyway?
Okay, then.
You completely miss the necrophage. The necrophage hits you.
* * * LOW HITPOINT WARNING * * *
You hit the necrophage.
The necrophage is lightly damaged.
The necrophage hits you but does no damage.
You closely miss the necrophage.
The necrophage is lightly damaged.
The necrophage hits you.
* * * LOW HITPOINT WARNING * * *
You feel drained.
You closely miss the necrophage.
The necrophage is lightly damaged.
The necrophage hits you but does no damage.
You hit the necrophage.
The necrophage is moderately damaged.
The necrophage barely misses you.
You hit the necrophage.
The necrophage is heavily damaged.
The necrophage closely misses you.
You hit the necrophage. You punch the necrophage.
The necrophage is severely damaged.
The necrophage hits you.
* * * LOW HITPOINT WARNING * * *
You feel drained.
* * * LOW HITPOINT WARNING * * *
The necrophage hits you.
You die...

#######.#
#.@n....#
#.......#
#.......#
#.......#
#.......#
#.......#
#.........
#.........


You could see a necrophage.

Vanquished Creatures
  Sigmund (D:5)
  A water moccasin (D:3)
  A black bear (D:4)
  A necrophage (D:5)
  2 hounds (D:4)
  2 iguanas (D:5)
  An orc wizard (D:5)
  A gnoll (D:1)
  6 adders
  2 ufetubi
  A worm (D:3)
  A dart slug (D:4)
  5 orcs
  5 ball pythons
  8 bats
  7 endoplasms
  A giant cockroach (D:1)
  7 goblins
  10 hobgoblins
  6 jackals (D:1)
  5 quokkas
  3 frilled lizards
  3 kobolds
  4 rats
84 creatures vanquished.

Vanquished Creatures (others)
  A withered plant (D:1)
1 creature vanquished.

Grand Total: 85 creatures vanquished

Notes
Turn   | Place    | Note
-------+----------+-------------------------------------------
     0 | D:1      | TrayleKats the Naga Warper began the quest for the Orb.
     0 | D:1      | Reached XP level 1. HP: 19/19 MP: 3/3
    22 | D:1      | Found Wakker's Distillery.
    64 | D:1      | Found a faded altar of an unknown god.
    79 | D:1      | Reached XP level 2. HP: 21/27 MP: 5/5
   112 | D:1      | Upgraded the game from 0.30-a0-585-g93115170b9 to
                  | 0.30-a0-591-g3c58d2bc28
   386 | D:1      | Reached XP level 3. HP: 33/33 MP: 6/6
   828 | D:1      | Reached skill level 3 in Fighting
  1427 | D:2      | Reached XP level 4. HP: 19/42 MP: 8/8
  1629 | D:2      | Found a sacrificial altar of Ru.
  2371 | D:3      | Noticed a water moccasin
  2418 | D:3      | HP: 3/63 [water moccasin (4)]
  2419 | D:3      | Killed a water moccasin
  2419 | D:3      | HP: 1/63 [poisoned by a water moccasin]
  2420 | D:3      | Reached skill level 4 in Fighting
  2420 | D:3      | Reached XP level 5. HP: 1/50 MP: 9/11
  2691 | D:3      | Learned a level 2 spell: Blink
  2698 | D:3      | Learned a level 3 spell: Teleport Other
  3004 | D:4      | Learned a level 3 spell: Lesser Beckoning
  3005 | D:4      | Noticed a black bear
  3037 | D:4      | Killed a black bear
  3038 | D:4      | Reached XP level 6. HP: 16/58 MP: 0/12
  3192 | D:4      | Found an iron altar of Okawaru.
  3649 | D:4      | Reached skill level 5 in Fighting
  3654 | D:4      | Learned a level 4 spell: Manifold Assault
  3727 | D:5      | Entered Level 5 of the Dungeon
  3827 | D:5      | Reached XP level 7. HP: 38/65 MP: 13/13
  3928 | D:5      | Noticed Sigmund
  3944 | D:5      | Killed Sigmund
  4084 | D:5      | HP: 3/68 [iguana (14)]
  4132 | D:6      | Slain by a necrophage

Illustrated notes

Levels and vault maps discovered:
D:1:      nicolae_arrival_memento_mori, layout_loops_ring, serial_shops, shop,
          ebering_ecumenical_altar_petrified, chequers_serial_rivers_micro_a,
          minmay_misc_feat_rows, minmay_pentomino_z2
D:2:      layout_basic, basic_altar, serial_glass, glass_columns_c,
          glass_columns_b, glass_columns_c, minmay_strange_pillars,
          due_unseen_surprise, feat_on_display, nicolae_figureground_sparkle
D:3:      layout_basic
D:4:      layout_rooms, mainiacjoe_overflow_tiny_flanked
D:5:      nicolae_BIG_FREAKIN_CUBE, layout_gridville, old_standard_altar,
          ebering_ghost_sewer_d, gup_sewer_entry_glass, uniq_crazy_yiuf_cottage,
          uniq_sigmund, uniq_grinder
D:6:      layout_gridville, nemelex_dance_club_becter, minmay_temple_entry_tees,
          wad_floor_pattern_1, minmay_shop_enchanted_jewellery

Skill      XL: |  1  2  3  4  5  6  7 |
---------------+----------------------+-----
Fighting       | 3 4 5 |  5.7
Spellcasting   | 3 4 |  4.8
Axes           | 3 |  3.2
Throwing       | |  0.8
Armour         | |  0.7
Dodging        | |  1.5
Translocations | |  3.9

Action                   |  1- 3 |  4- 6 |  7- 9 || total
-------------------------+-------+-------+-------++-------
Melee: Hand axe          |   107 |   155 |    35 ||   297
       Punch             |     1 |       |     1 ||     2
Throw: Boomerang         |     2 |       |       ||     2
 Cast: Teleport Other    |       |     5 |     2 ||     7
       Blink             |       |     1 |       ||     1
       Manifold Assault  |       |     1 |     1 ||     2
 Abil: Spit Poison       |    14 |    28 |     6 ||    48
  Use: Potion            |       |     9 |       ||     9
       Scroll            |       |       |     8 ||     8
Armor: Leather armour    |    22 |    58 |     9 ||    89
       Skin              |       |    29 |       ||    29
Dodge: Dodged            |    77 |    68 |    30 ||   175

Table legend: (Time is in decaauts)
 A = Elapsed time spent in this place.
 B = Non-inter-level travel time spent in this place.
 C = Inter-level travel time spent in this place.
 D = Time resting spent in this place.
 E = Time spent auto-exploring this place.
 F = Levels seen in this place.
 G = Mean time per level.
                   A        B        C        D        E       F      G
               +--------+--------+--------+--------+--------+-----+--------+
         Total |   5195 |   4983 |    212 |      2 |   4076 |   6 |  865.8 |
       Dungeon |   5195 |   4983 |    212 |      2 |   4076 |   6 |  865.8 |
               +--------+--------+--------+--------+--------+-----+--------+

Top non-repeatable levels by time:
     D:1: 1523 daAuts
     D:3: 1155 daAuts
     D:2: 1096 daAuts
     D:4: 952 daAuts
     D:5: 455 daAuts
     D:6: 11 daAuts
